 Dungeon Crawl Stone Soup version 0.25.1-2-g60ff931df9 (webtiles) character file.

Game seed: 17942261160217867791

49 DildoBatman the Magician (level 4, -1/30 HPs)
             Began as a Formicid Wizard on Sept 3, 2020.
             Killed by nerve-wracking pain
             ... invoked by Jessica
              (7 damage)
             ... on level 2 of the Dungeon.
             The game lasted 00:02:47 (1577 turns).

DildoBatman the Magician (Formicid Wizard)          Turns: 1577, Time: 00:02:49

Health: -1/30      AC:  2    Str: 12    XL:     4   Next: 2%
Magic:  6/8        EV: 12    Int: 18    God:
Gold:   59         SH:  0    Dex:  9    Spells: 8/9 levels left

rFire    . . .     SeeInvis +   a - +0 short sword
rCold    . . .     Gourm    .   (no shield)
rNeg     . . .     Faith    .   i - +0 robe
rPois    .         Spirit   .   (helmet unavailable)
rElec    .         Reflect  .   (no cloak)
rCorr    .         Harm     .   (no gloves)
MR       .....                  (no boots)
Stlth    ++........             (no amulet)
HPRegen  0.10/turn              (no ring)
MPRegen  0.11/turn              (no ring)

@: no status effects
A: permanent stasis, dig shafts and tunnels, four strong arms, antennae 3
a: Dig, Shaft Self


You were on level 2 of the Dungeon.
You were not hungry.

You visited 1 branch of the dungeon, and saw 2 of its levels.

You collected 59 gold pieces.

Inventory:

Hand Weapons
 a - a +0 short sword (weapon)
Missiles
 e - 95 stones (quivered)
 h - 14 sling bullets
Armour
 i - a +0 robe (worn)
Jewellery
 d - an uncursed amulet of faith {unknown}
Scrolls
 g - a scroll of teleportation {unknown}
 k - a scroll of identify {unknown}
Potions
 b - a potion of heal wounds {unknown}
 c - a potion of mutation {unknown}
 f - a potion of brilliance {unknown}
 j - a potion of cancellation {unknown}
 l - a potion of flight {unknown}
 n - a potion of curing {unknown}
 o - a potion of haste {unknown}
Comestibles
 m - 2 chunks of flesh
 v - 4 rations


   Skills:
 - Level 1.7 Dodging
 - Level 2.4 Stealth
 - Level 3.2 Spellcasting
 * Level 3.2 Conjurations
   Level 1.0 Summonings
   Level 0.8 Translocations


You had 8 spell levels left.
You knew the following spells:

 Your Spells              Type           Power        Failure   Level  Hunger
c - Magic Dart            Conj           ##..         4%          1    None

Your spell library contained the following spells:

 Spells                   Type           Power        Failure   Level  Hunger
 Call Imp                 Summ           #.......     16%         2    ##.....
 Slow                     Hex            #.......     24%         2    ##.....
 Conjure Flame            Conj/Fire      #.......     24%         3    ###....
 Mephitic Cloud           Conj/Pois/Air  #.......     30%         3    ###....
 Blink                    Tloc           Unusable     N/A         2    N/A

Dungeon Overview and Level Annotations

Branches:
Dungeon (2/15)

Altars:
Nemelex Xobeh

Annotations:
D:2 exclusion: worm, Jessica


Innate Abilities, Weirdness & Mutations

You cannot be hasted, slowed, berserked, paralysed or teleported.
You can dig through walls and to a lower floor.
Your four strong arms can wield two-handed weapons with a shield.
You have a pair of large antennae on your head. (SInv)


Message History

Orders for allies: a - Attack new target. r - Retreat! s - Stop attacking. g - Guard the area. f - Follow me.
Anything else - Cancel.
You shout for attention!
The giant cockroach bites you. Jessica casts a spell at you.
Pain shoots through your body! The goblin hits you but does no damage.
The giant cockroach completely misses you.
What are your orders? t - Shout!
Orders for allies: a - Attack new target. r - Retreat! s - Stop attacking. g - Guard the area. f - Follow me.
Anything else - Cancel.
You shout for attention!
Jessica points at you and mumbles some strange words.
Pain shoots through your body!
You die...

##### .....##
#?.....
#....#.### ##
......... ..##
........#####....
#.....@@sw.......
..<.....g......##
#..#.##.........#
# # #)......#.#
##.......# .
#........#
...###........#
..............#
.####........#


You could see a worm, Jessica, a giant cockroach and a goblin.

Vanquished Creatures
  An adder (D:2)
  An ooze (D:1)
  A dart slug (D:2)
  7 bats (D:1)
  2 giant cockroaches
  2 goblins (D:1)
  7 hobgoblins
  2 kobolds
  A quokka (D:2)
  2 frilled lizards
  4 rats
30 creatures vanquished.

Notes
Turn   | Place    | Note
-------+----------+-------------------------------------------
     0 | D:1      | DildoBatman the Formicid Wizard began the quest for the
                  | Orb.
     0 | D:1      | Reached XP level 1. HP: 13/13 MP: 4/4
    48 | D:1      | Reached skill level 1 in Conjurations
   217 | D:1      | Found a sparkling altar of Nemelex Xobeh.
   231 | D:1      | Reached XP level 2. HP: 17/19 MP: 0/6
   579 | D:1      | Reached XP level 3. HP: 24/24 MP: 1/7
  1547 | D:2      | Reached XP level 4. HP: 30/30 MP: 3/8
  1570 | D:2      | Noticed Jessica
  1577 | D:2      | Killed from afar by Jessica

Illustrated notes

Levels and vault maps discovered:
D:1:      dpeg_arrival_fog, layout_basic, nemelex_diamond_rough_becter
D:2:      layout_loops_ring, uniq_jessica

Skill      XL: |  1  2  3 |
---------------+----------+-----
Conjurations   | 1 2 3 |  3.2
Dodging        | |  1.7
Stealth        | |  2.4
Spellcasting   | |  3.2
Summonings     | |  1.0
Translocations | |  0.8

Action                   |  1- 3 |  4- 6 || total
-------------------------+-------+-------++-------
Melee: Club              |     2 |       ||     2
       Short sword       |     4 |       ||     4
 Cast: Magic Dart        |    72 |     1 ||    73
 Abil: Dig               |     3 |       ||     3
  Eat: Chunk             |     2 |       ||     2
Armor: Robe              |    10 |     6 ||    16
Dodge: Dodged            |    14 |    12 ||    26
